 Dungeon Crawl Stone Soup version 0.28.0-45-g0d030f2227 (webtiles) character file.

Game seed: 244546006321004999

100 zeratav the Insei (level 4, 0/29 HPs)
             Began as an Octopode Transmuter on Apr 9, 2022.
             Succumbed to an adder's poison
             ... on level 3 of the Dungeon.
             The game lasted 00:02:16 (2004 turns).

zeratav the Insei (Octopode Transmuter)             Turns: 2004, Time: 00:02:17

Health: 0/29       AC:  2    Str:  9    XL:     4   Next: 73%
Magic:  4/7        EV: 24    Int: 15    God:
Gold:   50         SH:  0    Dex: 19    Spells: 3/7 levels left

rFire   . . .      SeeInvis .     - Unarmed
rCold   . . .      Faith    .   (shield currently unavailable)
rNeg    . . .      Spirit   .   (helmet currently unavailable)
rPois   x          Reflect  .   (no amulet)
rElec   .          Harm     .   g - +4 ring of evasion
rCorr   .          Rampage  .   (no ring)
Will    .....                   (no ring)
Stlth   ++........              (no ring)
HPRegen 0.09/turn               (no ring)
MPRegen 0.10/turn               (no ring)
                                (no ring)
                                (no ring)

@: lethally poisoned (0 -> -2), spider-form (expiring)
A: venomous fangs, almost no armour, (amphibious), 8 rings, tiny, (camouflage
1), (gelatinous body 1), (nimble swimmer 1), (tentacles)
a: End Transformation


You were on level 3 of the Dungeon.
You were a venomous arachnid creature.
You visited 1 branch of the dungeon, and saw 3 of its levels.

You collected 50 gold pieces.


Innate Abilities, Weirdness & Mutations

You are a venomous arachnid creature.
You have poisonous fangs.
You are tiny and dextrous.
Your spellcasting is less reliable in this form.
Your armour is entirely melded.
You are incapable of wielding weapons or throwing items.
You cannot wear most types of armour.
((You are amphibious.))
You can wear up to eight rings at the same time.
((Your skin changes colour to match your surroundings (Stealth+).))
((Your rubbery body absorbs attacks. (AC +1, EV +1)))
((You are camouflaged when in or above water. (Stealth+)))
((You have tentacles for arms and can constrict up to eight enemies at once.))


   Skills:
 + Level 2.1 Fighting
 + Level 2.7 Dodging
 + Level 2.4 Stealth
 * Level 4.1 Unarmed Combat
 - Level 2.0 Spellcasting
 - Level 2.0 Transmutations


You had 3 spell levels left.
You knew the following spells:

 Your Spells              Type           Power      Damage    Failure   Level
a - Beastly Appendage     Tmut           14%        N/A       24%         1
b - Spider Form           Tmut/Pois      4%         N/A       63%         3

Your spell library contained the following spells:

 Spells                   Type           Power      Damage    Failure   Level
 Wereblood                Tmut           7%         N/A       32%         2
 Slow                     Hex            4%         N/A       43%         1
 Confusing Touch          Hex            1%         N/A       75%         3
 Vampiric Draining        Necr           1%         2d6       75%         3
 Ice Form                 Ice/Tmut       4%         N/A       93%         4

Inventory:

Jewellery
 g - a +4 ring of evasion (left front leg)
   (You found it on level 2 of the Dungeon)
Scrolls
 a - a scroll of summoning {unknown}
 b - 2 scrolls of blinking {unknown}
 e - 4 scrolls of identify {unknown}
 f - a scroll of torment {unknown}

Dungeon Overview and Level Annotations

Branches:
Dungeon (3/15)

Altars:

.######### .##
!...(..... ..
........##.#
#.........#
###.........#
............# #..
#.. ...?....s...#
#..##..
.........†Z.#.#
#..##..
....######..#.#
#..##.. ## #†.#.#
#..##..
####..#.#####..##..
#.(.........#..##..
#.##....###.#....).
#.#...............#
#.#.#....##.#.#####


You could see a bullfrog skeleton.


Message History

You lost 1 mp, and now have 6/7 mp.
The bullfrog skeleton closely misses you.
The bullfrog skeleton hits you.
HP[-1]
You take 1 damage, and now have 28/29 hp.
You barely miss the bullfrog skeleton. You grab the bullfrog skeleton.
You constrict the bullfrog skeleton. The bullfrog skeleton hits you.
HP[-1]
You take 1 damage, and now have 27/29 hp.
You tentacle-slap the bullfrog skeleton but do no damage.
You constrict the bullfrog skeleton. The adder bites you.
You are poisoned.
The adder poisons you! The bullfrog skeleton hits you.
The adder barely misses you.
HP[-9]
You take 9 damage, and now have 18/29 hp.
MASSIVE DAMAGE!! (PAUSE)
You tentacle-slap the bullfrog skeleton.
You constrict the bullfrog skeleton, but do no damage.
You feel sick. The bullfrog skeleton hits you. The adder bites you.
* * * LOW HITPOINT WARNING * * *
You are lethally poisoned!
The adder poisons you!
HP[-7]
You take 7 damage, and now have 11/29 hp.
MASSIVE DAMAGE!! (PAUSE) It was a potion of cancellation.
Your magical effects are unravelling.
You feel magically purged.
Your tentacle spike disappears.
You constrict the bullfrog skeleton.
* * * LOW HITPOINT WARNING * * *
You feel very sick. The bullfrog skeleton misses you. The adder bites you.
* * * LOW HITPOINT WARNING * * *
You are more poisoned.
The adder poisons you!
HP[-7]
You take 7 damage, and now have 4/29 hp.
MASSIVE DAMAGE!! (PAUSE) It was a potion of curing.
You feel better.
You constrict the bullfrog skeleton.
The bullfrog skeleton closely misses you.
The adder bites you.
* * * LOW HITPOINT WARNING * * *
The bullfrog skeleton barely misses you.
HP[+7]
You regained 7 hp, and now have 11/29 hp.
You release your grip on the bullfrog skeleton.
The adder misses you.
MP[+1]
Your mp is fully restored (7).
Casting: Beastly Appendage (safe; 10% risk of failure)
Confirm with . or Enter, or press ? or * to list all spells.
The spell is extremely dangerous to miscast (41% risk of failure)!
Continue anyway?
You turn into a venomous arachnid creature.
The adder closely misses you.
MP[-3]
You lost 3 mp, and now have 4/7 mp.
You barely miss the adder. The adder bites you.
* * * LOW HITPOINT WARNING * * *
You are lethally poisoned!
The adder poisons you!
HP[-5]
You take 5 damage, and now have 6/29 hp.
You closely miss the adder.
* * * LOW HITPOINT WARNING * * *
You feel sick. The adder closely misses you.
The bullfrog skeleton completely misses you.
The adder misses you.
HP[-2]
You take 2 damage, and now have 4/29 hp.
You closely miss the adder.
* * * LOW HITPOINT WARNING * * *
You feel sick.
The bullfrog skeleton completely misses you.
The adder closely misses you.
You hit the adder.
The adder is poisoned.
* * * LOW HITPOINT WARNING * * *
You feel sick.
The bullfrog skeleton closely misses you.
The adder misses you.
The bullfrog skeleton barely misses you.
HP[-1]
You take 1 damage, and now have 3/29 hp.
You completely miss the adder.
Your transformation is almost over.
* * * LOW HITPOINT WARNING * * *
You feel sick.
You kill the adder!
The bullfrog skeleton misses you.
HP[-1]
You take 1 damage, and now have 2/29 hp.
* * * LOW HITPOINT WARNING * * *
You feel sick.
The bullfrog skeleton completely misses you.
You see here an adder corpse.
HP[-1]
You take 1 damage, and now have 1/29 hp.
You die...

Skill      XL: |  1  2  3  4 |
---------------+-------------+-----
Stealth        | 1 2 |  2.4
Fighting       | 2 |  2.1
Unarmed Combat | 4 |  4.1
Dodging        | |  2.7
Spellcasting   | |  2.0
Transmutations | |  2.0

Action                   |  1- 3 |  4- 6 || total
-------------------------+-------+-------++-------
Melee: Unarmed           |    36 |    43 ||    79
       Constrict         |    11 |    11 ||    22
       Kick              |    10 |    10 ||    20
       Tentacles         |     7 |     7 ||    14
       Punch             |       |     1 ||     1
 Cast: Beastly Appendage |    15 |    12 ||    27
       Spider Form       |       |     1 ||     1
  Use: Potion            |       |     2 ||     2
 Stab: Sleeping          |     6 |     4 ||    10
Armor: Skin              |     1 |     3 ||     4
Dodge: Dodged            |    19 |    32 ||    51

Levels and vault maps discovered:
D:1:      onia_arrival_mini_maze, layout_basic,
          hellmonk_ecumenical_altar_watching_god
D:2:      layout_basic, uniq_jessica
D:3:      layout_basic

Notes
Turn   | Place    | Note
-------+----------+-------------------------------------------
     0 | D:1      | zeratav the Octopode Transmuter began the quest for the
                  | Orb.
     0 | D:1      | Reached XP level 1. HP: 13/13 MP: 3/3
     0 | D:1      | magus.rc [v1.9.6]
    53 | D:1      | You pick up a book of Debilitation and begin reading...
    53 | D:1      | You add the spells Slow, Vampiric Draining and Confusing
                  | Touch to your library.
   242 | D:1      | Reached XP level 2. HP: 18/18 MP: 3/5
   327 | D:1      | Reached skill level 1 in Stealth
   649 | D:1      | Found a faded altar of an unknown god.
   662 | D:1      | Noticed a shining eye
   663 | D:1      | Noticed an eye of devastation
   669 | D:1      | Noticed a great orb of eyes
   681 | D:1      | Noticed a great orb of eyes
   854 | D:2      | Noticed Jessica
   860 | D:2      | Killed Jessica
   861 | D:2      | Reached XP level 3. HP: 24/24 MP: 4/6
   914 | D:2      | Reached skill level 2 in Stealth
  1096 | D:2      | Reached XP level 4. HP: 29/29 MP: 5/7
  1113 | D:2      | HP: 7/29 [frozen (2)]
  1118 | D:2      | HP: 5/29 [endoplasm (1)]
  1461 | D:2      | Reached skill level 2 in Fighting
  1615 | D:2      | Reached skill level 4 in Unarmed Combat
  1968 | D:3      | Learned a level 3 spell: Spider Form
  1992 | D:3      | HP: 4/29 [adder (4)]
  1998 | D:3      | HP: 6/29 [adder (5)]
  2002 | D:3      | HP: 2/29 [poisoned by an adder]
  2004 | D:3      | Succumbed to an adder's poison

Vanquished Creatures
  Jessica (D:2)
  3 adders
  2 worms (D:2)
  2 dart slugs
  6 ball pythons
  4 bats
  5 endoplasms
  A giant cockroach (D:1)
  2 goblins (D:1)
  A hobgoblin (D:3)
  5 kobolds
  A quokka (D:2)
  4 frilled lizards
  A rat (D:1)
38 creatures vanquished.

Table legend:
 A = Non-vault XP
 B = Vault XP
 C = Vault XP percentage of total XP
 D = Non-vault monster count
 E = Vault monster count
 F = Vault count percentage of total count
                 A         B        C        D         E       F
            +---------+---------+-------+---------+---------+-------
      Total |     106 |      37 |  25.9 |      37 |       1 |   2.6
            +---------+---------+-------+---------+---------+-------
        D:1 |      29 |       0 |   0.0 |      16 |       0 |   0.0
        D:2 |      57 |      37 |  39.4 |      17 |       1 |   5.6
        D:3 |      20 |       0 |   0.0 |       4 |       0 |   0.0
            +---------+---------+-------+---------+---------+-------

Illustrated notes

Table legend:
 A = Kills in this place as a percentage of kills in entire the game.
 B = Kills by you in this place as a percentage of kills by you in the entire game.
 C = Kills by friends in this place as a percentage of kills by friends in the entire game.
 D = Other kills in this place as a percentage of other kills in the entire game.
 E = Experience gained in this place as a percentage of experience gained in the entire game.
 F = Experience gained in this place divided by the number of levels of this place that you have seen.
                   A       B       C       D       E      F
               +-------+-------+-------+-------+-------+----------------------
         Total | 100.0 | 100.0 |   N/A |   N/A | 100.0 |  47.7
       Dungeon | 100.0 | 100.0 |   N/A |   N/A | 100.0 |  47.7
               +-------+-------+-------+-------+-------+----------------------

Table legend: (Time is in decaauts)
 A = Elapsed time spent in this place.
 B = Non-inter-level travel time spent in this place.
 C = Inter-level travel time spent in this place.
 D = Time resting spent in this place.
 E = Time spent auto-exploring this place.
 F = Levels seen in this place.
 G = Mean time per level.
                   A        B        C        D        E       F      G
               +--------+--------+--------+--------+--------+-----+--------+
         Total |   1997 |   1944 |     53 |    261 |   1425 |   3 |  665.7 |
       Dungeon |   1997 |   1944 |     53 |    261 |   1425 |   3 |  665.7 |
               +--------+--------+--------+--------+--------+-----+--------+

Top non-repeatable levels by time:
     D:2: 1092 daAuts
     D:1: 816 daAuts
     D:3: 88 daAuts
